TOP OF THE 1ST |
Long Beach KO batting - Pitching for Quincy Doughboys : LHP To-wai Chen
|
Pitching: LHP To-wai Chen
|
|
Batting: RHB Carlos Sánchez
|
0-0: Ball 1-0: Ground out 4-3 (Groundball, 4)
|
Batting: RHB Pedro Lara
|
0-0: Called Strike 0-1: Fly out, F9 (Flyball, 9LM)
|
Batting: LHB Miguel Gálvez
|
0-0: Fly out, F3 (Line Drive, 34)
|
Top of the 1st over - 0 run(s), 0 hit(s), 0 error(s), 0 left on base; Long Beach 0 - Quincy 0 |
BOTTOM OF THE 1ST |
Quincy Doughboys batting - Pitching for Long Beach KO : LHP António Bruno
|
Pitching: LHP António Bruno
|
|
Batting: LHB Alberto Castellanos
|
0-0: Fly out, F7 (Flyball, 7S)
|
Batting: RHB Domingo Laydón
|
0-0: Called Strike 0-1: Ball 1-1: Ball 2-1: Ball 3-1: Base on Balls
|
Batting: RHB Miguel Medina
|
0-0: Ball 1-0: SINGLE (Line Drive, 56D) Domingo Laydón to second
|
Batting: RHB Jorge Chávez
|
0-0: Ball 1-0: Ball 2-0: Ball 3-0: Base on Balls Domingo Laydón to third Miguel Medina to second
|
Batting: RHB Júlio Contreras
|
0-0: Ball 1-0: Foul Ball, location: 2F 1-1: Foul Ball, location: 2F 1-2: Ground out 6-3 (Groundball, 6M) Domingo Laydón scores Miguel Medina to third Jorge Chávez to second
|
Batting: LHB Marv Gardner
|
0-0: Called Strike 0-1: Ball 1-1: Ball 2-1: Ball Wild Pitch! Miguel Medina scores Jorge Chávez to third 3-1: Base on Balls
|
Batting: RHB Ben Martin
|
0-0: Ball 1-0: Ground out 6-3 (Groundball, 6M)
|
Bottom of the 1st over - 2 run(s), 1 hit(s), 0 error(s), 2 left on base; Long Beach 0 - Quincy 2 |
TOP OF THE 2ND |
Long Beach KO batting - Pitching for Quincy Doughboys : LHP To-wai Chen
|
Batting: RHB Ben Simpson
|
0-0: Ball 1-0: Called Strike 1-1: Called Strike 1-2: Ball 2-2: Ball 3-2: Base on Balls
|
Batting: RHB Scott Wise
|
0-0: 2-RUN HOME RUN (Flyball, 7LD), Distance : 361 ft
|
Batting: RHB José González
|
0-0: Fly out, F6 (Popup, 6)
|
Batting: SHB Ángel Estrada
|
0-0: Fly out, F7 (Line Drive, 78M)
|
Batting: LHB Walt Brown
|
0-0: Called Strike 0-1: Ball 1-1: Called Strike 1-2: Ball 2-2: Ground out 6-3 (Groundball, 6)
|
Top of the 2nd over - 2 run(s), 1 hit(s), 0 error(s), 0 left on base; Long Beach 2 - Quincy 2 |
BOTTOM OF THE 2ND |
Quincy Doughboys batting - Pitching for Long Beach KO : LHP António Bruno
|
Batting: RHB Tucker Cooper
|
0-0: Called Strike 0-1: SINGLE (Line Drive, 56)
|
Batting: RHB Henry Haines
|
0-0: Ball 1-0: Ball 2-0: Foul Ball, location: 2F 2-1: Foul Ball, location: 2F 2-2: Strikes out swinging
|
Batting: LHB Alberto Castellanos
|
0-0: SINGLE (Groundball, 6MD) Tucker Cooper to second
|
Batting: RHB Domingo Laydón
|
0-0: Ball 1-0: Foul Ball, location: 2F 1-1: Called Strike 1-2: Ball 2-2: Foul Ball, location: 2F 2-2: Ball Wild Pitch! Tucker Cooper to third Alberto Castellanos to second 3-2: DOUBLE (Line Drive, 7LS) Tucker Cooper scores Alberto Castellanos scores
|
Batting: RHB Miguel Medina
|
0-0: Ball 1-0: Foul Ball, location: 2F 1-1: Fly out, F9 (Flyball, 9LSF)
|
Batting: RHB Jorge Chávez
|
0-0: Foul Ball, location: 2F 0-1: Foul Ball, location: 2F 0-2: Foul Ball, location: 2F 0-2: Strikes out looking
|
Bottom of the 2nd over - 2 run(s), 3 hit(s), 0 error(s), 1 left on base; Long Beach 2 - Quincy 4 |
TOP OF THE 3RD |
Long Beach KO batting - Pitching for Quincy Doughboys : LHP To-wai Chen
|
Batting: RHB Domynguos Tabucchi
|
0-0: Ball 1-0: Called Strike 1-1: Swinging Strike 1-2: Fly out, F1 (Line Drive, 13S)
|
Batting: RHB Carlos Sánchez
|
0-0: Called Strike 0-1: Foul Ball, location: 2F 0-2: Ball 1-2: Ball 2-2: Ground out 1-3 (Groundball, 15)
|
Batting: RHB Pedro Lara
|
0-0: Ball 1-0: Fly out, F8 (Flyball, 89M)
|
Top of the 3rd over - 0 run(s), 0 hit(s), 0 error(s), 0 left on base; Long Beach 2 - Quincy 4 |
BOTTOM OF THE 3RD |
Quincy Doughboys batting - Pitching for Long Beach KO : LHP António Bruno
|
Batting: RHB Júlio Contreras
|
0-0: Ball 1-0: Foul Ball, location: 2F 1-1: Ball 2-1: Ball 3-1: Foul Ball, location: 2F 3-2: Strikes out swinging
|
Batting: LHB Marv Gardner
|
0-0: Called Strike 0-1: Foul Ball, location: 2F 0-2: Fly out, F3 (Popup, 3S)
|
Batting: RHB Ben Martin
|
0-0: Ball 1-0: Ground out 4-3 (Groundball, 4)
|
Bottom of the 3rd over - 0 run(s), 0 hit(s), 0 error(s), 0 left on base; Long Beach 2 - Quincy 4 |
TOP OF THE 4TH |
Long Beach KO batting - Pitching for Quincy Doughboys : LHP To-wai Chen
|
Batting: LHB Miguel Gálvez
|
0-0: Called Strike 0-1: Ball 1-1: Ball 2-1: Called Strike 2-2: Foul Ball, location: 2F 2-2: Strikes out swinging
|
Batting: RHB Ben Simpson
|
0-0: SINGLE (Groundball, 56S) (infield hit)
|
Batting: RHB Scott Wise
|
0-0: Called Strike 0-1: Ball 1-1: Ball 2-1: Fielders Choice at 2nd, 6-4 (Groundball, 6)
|
Batting: RHB José González
|
0-0: Ball 1-0: Ball 2-0: Called Strike 2-1: Foul Ball, location: 2F 2-2: Fielders Choice at 2nd, 4-6 (Groundball, 4)
|
Top of the 4th over - 0 run(s), 1 hit(s), 0 error(s), 0 left on base; Long Beach 2 - Quincy 4 |
BOTTOM OF THE 4TH |
Quincy Doughboys batting - Pitching for Long Beach KO : LHP António Bruno
|
Batting: RHB Tucker Cooper
|
0-0: Ball 1-0: Called Strike 1-1: Fly out, F8 (Flyball, 8RM)
|
Batting: RHB Henry Haines
|
0-0: Foul Ball, location: 2F 0-1: Fly out, F9 (Flyball, 9S)
|
Batting: LHB Alberto Castellanos
|
0-0: Called Strike 0-1: Ball 1-1: Foul Ball, location: 2F 1-2: Ball 2-2: Strikes out swinging
|
Bottom of the 4th over - 0 run(s), 0 hit(s), 0 error(s), 0 left on base; Long Beach 2 - Quincy 4 |
TOP OF THE 5TH |
Long Beach KO batting - Pitching for Quincy Doughboys : LHP To-wai Chen
|
Batting: SHB Ángel Estrada
|
0-0: Ball 1-0: DOUBLE (Groundball, 5L)
|
Batting: LHB Walt Brown
|
0-0: Foul Ball, location: 2F 0-1: Fly out, F8 (Flyball, 78M)
|
Batting: RHB Domynguos Tabucchi
|
0-0: Swinging Strike 0-1: Ball 1-1: Foul Ball, location: 2F 1-2: Ground out 5-3 (Groundball, 56)
|
Batting: RHB Carlos Sánchez
|
0-0: Ball 1-0: Ball 2-0: Ground out 6-3 (Groundball, 6)
|
Top of the 5th over - 0 run(s), 1 hit(s), 0 error(s), 1 left on base; Long Beach 2 - Quincy 4 |
BOTTOM OF THE 5TH |
Quincy Doughboys batting - Pitching for Long Beach KO : LHP António Bruno
|
Batting: RHB Domingo Laydón
|
0-0: Called Strike 0-1: Foul Ball, location: 2F 0-2: Ball 1-2: Strikes out swinging
|
Batting: RHB Miguel Medina
|
0-0: Called Strike 0-1: Fly out, F6 (Line Drive, 6M)
|
Batting: RHB Jorge Chávez
|
0-0: Fly out, F7 (Line Drive, 78D)
|
Bottom of the 5th over - 0 run(s), 0 hit(s), 0 error(s), 0 left on base; Long Beach 2 - Quincy 4 |
TOP OF THE 6TH |
Long Beach KO batting - Pitching for Quincy Doughboys : LHP To-wai Chen
|
Batting: RHB Pedro Lara
|
0-0: Ball 1-0: Swinging Strike 1-1: Ball 2-1: Ball 3-1: Foul Ball, location: 2F 3-2: Base on Balls
|
Batting: LHB Miguel Gálvez
|
0-0: Foul Ball, location: 2F 0-1: Ball 1-1: Ball 2-1: Ball 3-1: Called Strike 3-2: Foul Ball, location: 2F 3-2: Fly out, F7 (Flyball, 7LD)
|
Batting: RHB Ben Simpson
|
0-0: Ball 1-0: Ball 2-0: Fly out, F7 (Flyball, 7)
|
Batting: RHB Scott Wise
|
0-0: Called Strike 0-1: Ball 1-1: Swinging Strike 1-2: SINGLE (Groundball, 6MD) Pedro Lara to second Runner from 2nd tries for 3rd, SAFE, throw made to third Scott Wise to second
|
Batting: RHB José González
|
0-0: Called Strike 0-1: Ball 1-1: Ball 2-1: Ball 3-1: Ground out 5-3 (Groundball, 56S)
|
Top of the 6th over - 0 run(s), 1 hit(s), 0 error(s), 2 left on base; Long Beach 2 - Quincy 4 |
BOTTOM OF THE 6TH |
Quincy Doughboys batting - Pitching for Long Beach KO : LHP António Bruno
|
Batting: RHB Júlio Contreras
|
0-0: Foul Ball, location: 2F 0-1: Ball 1-1: Ball 2-1: Ball 3-1: Called Strike 3-2: Foul Ball, location: 2F 3-2: Base on Balls
|
Pitching: RHP Bret Oliver
|
|
Batting: LHB Marv Gardner
|
0-0: Ball 1-0: SINGLE (Line Drive, 4M) Júlio Contreras to second
|
Batting: RHB Ben Martin
|
0-0: Ball 1-0: Fly out, F3 (Popup, 3L)
|
Batting: RHB Tucker Cooper
|
0-0: Ball 1-0: Foul Ball, location: 2F 1-1: Ball 2-1: Ball 3-1: Called Strike 3-2: Base on Balls Júlio Contreras to third Marv Gardner to second
|
Batting: RHB Henry Haines
|
0-0: Swinging Strike 0-1: Foul Ball, location: 2F 0-2: Ball 1-2: Foul Ball, location: 2F 1-2: Foul Ball, location: 2F Balk! Júlio Contreras scores Marv Gardner to third Tucker Cooper to second 1-2: Fly out, F8 (Flyball, 8RS)
|
Batting: LHB Alberto Castellanos
|
0-0: Ball 1-0: Swinging Strike 1-1: Foul Ball, location: 2F 1-2: Ball 2-2: Foul Ball, location: 2F 2-2: Ball 3-2: Base on Balls
|
Batting: RHB Domingo Laydón
|
0-0: Called Strike 0-1: Ball 1-1: Called Strike 1-2: Strikes out looking
|
Bottom of the 6th over - 1 run(s), 1 hit(s), 0 error(s), 3 left on base; Long Beach 2 - Quincy 5 |
TOP OF THE 7TH |
Long Beach KO batting - Pitching for Quincy Doughboys : LHP To-wai Chen
|
Pitching: RHP Ramón Alaniz
|
|
Batting: SHB Ángel Estrada
|
0-0: Swinging Strike 0-1: Ball 1-1: Called Strike 1-2: Ball 2-2: Strikes out swinging
|
Batting: LHB Walt Brown
|
0-0: Ball 1-0: Ball 2-0: Ball 3-0: Base on Balls
|
Batting: RHB Domynguos Tabucchi
|
0-0: Fly out, F7 (Flyball, 78S)
|
Batting: RHB Carlos Sánchez
|
0-0: Ball 1-0: Foul Ball, location: 2F 1-1: Fielders Choice at 2nd, 4-6 (Groundball, 4)
|
Top of the 7th over - 0 run(s), 0 hit(s), 0 error(s), 0 left on base; Long Beach 2 - Quincy 5 |
BOTTOM OF THE 7TH |
Quincy Doughboys batting - Pitching for Long Beach KO : RHP Bret Oliver
|
Batting: RHB Miguel Medina
|
0-0: Called Strike 0-1: Ground out 5-3 (Groundball, 56)
|
Pitching: RHP Manuel Pérez
|
|
Batting: RHB Jorge Chávez
|
0-0: Foul Ball, location: 2F 0-1: Ball 1-1: SOLO HOME RUN (Flyball, 7LD), Distance : 352 ft
|
Batting: RHB Júlio Contreras
|
0-0: Ball 1-0: Foul Ball, location: 2F 1-1: Ball 2-1: Ball 3-1: Called Strike 3-2: Strikes out swinging
|
Batting: LHB Marv Gardner
|
0-0: Called Strike 0-1: Ball 1-1: Called Strike 1-2: Strikes out swinging
|
Bottom of the 7th over - 1 run(s), 1 hit(s), 0 error(s), 0 left on base; Long Beach 2 - Quincy 6 |
TOP OF THE 8TH |
Long Beach KO batting - Pitching for Quincy Doughboys : RHP Ramón Alaniz
|
Batting: RHB Pedro Lara
|
0-0: Ball 1-0: Ball 2-0: Called Strike 2-1: Ball 3-1: Called Strike 3-2: Foul Ball, location: 2F 3-2: Foul Ball, location: 2F 3-2: Foul Ball, location: 2F 3-2: Foul Ball, location: 2F 3-2: Fly out, F7 (Flyball, 7LS)
|
Batting: LHB Miguel Gálvez
|
0-0: Called Strike 0-1: Swinging Strike 0-2: Ball 1-2: Strikes out swinging
|
Batting: RHB Ben Simpson
|
0-0: DOUBLE (Groundball, 5L)
|
Batting: RHB Scott Wise
|
0-0: Foul Ball, location: 2F 0-1: Swinging Strike 0-2: Foul Ball, location: 2F 0-2: Strikes out swinging
|
Top of the 8th over - 0 run(s), 1 hit(s), 0 error(s), 1 left on base; Long Beach 2 - Quincy 6 |
BOTTOM OF THE 8TH |
Quincy Doughboys batting - Pitching for Long Beach KO : RHP Manuel Pérez
|
Batting: RHB Ben Martin
|
0-0: Called Strike 0-1: Called Strike 0-2: Strikes out swinging
|
Batting: RHB Tucker Cooper
|
0-0: Ball 1-0: DOUBLE (Flyball, 89M)
|
Batting: RHB Henry Haines
|
0-0: Foul Ball, location: 2F 0-1: Ball 1-1: Ball 2-1: Swinging Strike 2-2: Strikes out swinging
|
Batting: LHB Alberto Castellanos
|
0-0: Ball 1-0: Called Strike 1-1: Foul Ball, location: 2F 1-2: Strikes out looking
|
Bottom of the 8th over - 0 run(s), 1 hit(s), 0 error(s), 1 left on base; Long Beach 2 - Quincy 6 |
TOP OF THE 9TH |
Long Beach KO batting - Pitching for Quincy Doughboys : RHP Ramón Alaniz
|
Batting: RHB José González
|
0-0: Fly out, F9 (Flyball, 9S)
|
Batting: SHB Ángel Estrada
|
0-0: Foul Ball, location: 2F 0-1: Foul Ball, location: 2F 0-2: Ground out U3 (Groundball, 34S)
|
Batting: LHB Walt Brown
|
0-0: Foul Ball, location: 2F 0-1: SOLO HOME RUN (Flyball, 9D), Distance : 380 ft
|
Batting: RHB Domynguos Tabucchi
|
0-0: SINGLE (Line Drive, 4M)
|
Pitching: LHP Kees Asmus
|
|
Batting: RHB Carlos Sánchez
|
0-0: Called Strike 0-1: Ball 1-1: Ball 2-1: SINGLE (Line Drive, 78M) Domynguos Tabucchi to second
|
Batting: RHB Pedro Lara
|
0-0: Ball 1-0: Ball 2-0: Swinging Strike 2-1: Foul Ball, location: 2F 2-2: Foul Ball, location: 2F 2-2: Strikes out swinging
|
Top of the 9th over - 1 run(s), 3 hit(s), 0 error(s), 2 left on base; Long Beach 3 - Quincy 6 |
|